 Dungeon Crawl Stone Soup version 0.30.0-29-ga12c61a403 (webtiles) character file.

Game seed: 12171064115745635020

69092 AiryTheDragon the Tainter (level 14, -4/110 HPs)
             Began as a Demonspawn Gladiator on June 3, 2023.
             Was a High Priest of Vehumet.
             Slain by a seven-headed hydra (9 damage)
             ... on level 1 of the Swamp on June 10, 2023.
             The game lasted 06:51:04 (22975 turns).

AiryTheDragon the Tainter (Demonspawn Gladiator)   Turns: 22975, Time: 06:51:09

Health: -4/110     AC: 28    Str: 15    XL:     14   Next: 89%
Magic:  23/26      EV: 13    Int: 16    God:    Vehumet [*****.]
Gold:   1283       SH:  0    Dex: 15    Spells: 0/29 levels left

rFire   + + +        m - +12 quarterstaff of Twilight {drain, rC+++ rCorr Int+4 Stlth-}
rCold   + + +        (shield currently unavailable)
rNeg    . . .        F - +0 swamp dragon scales
rPois   +            U - +2 helmet
rElec   +            r - +2 cloak {rCorr}
rCorr   +            (no gloves)
SInv    .            D - +2 pair of boots
Will    +....        x - amulet of the acrobat Stlth
                     o - ring of the Tentacled God {rPois rF+ rCorr}
HPRegen 0.38/turn    G - ring "Xocoil" {Contam rElec rF+ rC+}
MPRegen 0.20/turn

%: acrobat
@: confused, ambrosia-drunk, sanguine armoured
A: claws 2, ignite blood 3, sanguine armour 2, demonic magic 1, dopey 1, fire
resistance 1, robust 1, inability to drink after injury 1, noise suppression
a: Renounce Religion


You were on level 1 of the Swamp.
You worshipped Vehumet.
Vehumet was extremely pleased with you.
You visited 6 branches of the dungeon, and saw 20 of its levels.
You also visited: Ossuary and Gauntlet.

You collected 1517 gold pieces.
You spent 234 gold pieces at shops.

Inventory:

Hand Weapons
 b - the +2 glaive of the Dwarven Hall {freeze, rElec rPois Will+ Dex-3}
   (You found it on level 3 of the Lair of Beasts)

   Dex:       It affects your dexterity (-3).
   rElec:     It insulates you from electricity.
   rPois:     It protects you from poison.
   Will:      It increases your willpower.
 c - a +2 long sword of distortion
 m - the +12 quarterstaff of Twilight (weapon) {drain, rC+++ rCorr Int+4 Stlth-}
   (You found it on level 1 of the Lair of Beasts)

   Int:       It affects your intelligence (+4).
   rC:        It renders you almost immune to cold.
   rCorr:     It protects you from acid and corrosion.
   Stlth:     It makes you less stealthy.
 w - the +8 whip of Gozag's Benevolence {venom, Will+}
   (You found it on level 3 of the Dungeon)

   Will:      It increases your willpower.
 E - a +5 arbalest of freezing
 M - the +5 broad axe of the Scorching Gods {flame, Int+3 Dex+4}
   (You found it on level 5 of the Lair of Beasts)

   Int:       It affects your intelligence (+3).
   Dex:       It affects your dexterity (+4).
Missiles
 d - 5 throwing nets (quivered)
 e - 11 datura-tipped darts
 g - 6 javelins
 i - 20 poisoned darts
 p - a curare-tipped dart
 T - 6 boomerangs
Armour
 r - a +2 cloak of preservation (worn)
 D - a +2 pair of boots (worn)
 F - +0 swamp dragon scales (worn)
 U - a +2 helmet (worn)
 V - a +2 scale mail of cold resistance
Jewellery
 o - the ring of the Tentacled God (left claw) {rPois rF+ rCorr}
   (You found it on level 2 of the Dungeon)

   [ring of resist corrosion]

   rF:        It protects you from fire.
   rPois:     It protects you from poison.
   rCorr:     It protects you from acid and corrosion.
 x - an amulet of the acrobat (around neck)
 G - the ring "Xocoil" (right claw) {Contam rElec rF+ rC+}
   (You found it in a Gauntlet)

   [ring of protection from fire]

   rF:        It protects you from fire.
   rC:        It protects you from cold.
   rElec:     It insulates you from electricity.
   Contam:    It causes magical contamination when unequipped.
 J - a ring of wizardry
 K - a +4 ring of protection
 S - a ring of positive energy
 W - an amulet of magic regeneration
Wands
 a - a wand of paralysis (14)
 u - a wand of flame (5)
 z - a wand of iceblast (5)
Scrolls
 f - 8 scrolls of poison
 h - a scroll of identify
 n - 2 scrolls of enchant weapon
 q - 4 scrolls of teleportation
 s - 2 scrolls of magic mapping
 v - 2 scrolls of immolation {unknown}
 y - 2 scrolls of brand weapon {unknown}
 B - 2 scrolls of butterflies {unknown}
 C - 3 scrolls of fear
 N - a scroll of blinking
 O - a scroll of fog
Potions
 k - 3 potions of lignification
 l - 7 potions of curing
 t - 2 potions of brilliance
 A - 4 potions of cancellation
 H - 2 potions of berserk rage {unknown}
 P - 2 potions of invisibility {unknown}
 Q - a potion of might
 R - 2 potions of haste
Miscellaneous
 j - a phantom mirror (inert)


   Skills:
 + Level 6.2 Fighting
 + Level 6.4(7.9) Maces & Flails
 + Level 7.0(8.2) Staves
 + Level 3.0 Throwing
 * Level 6.9 Armour
 + Level 5.1 Dodging
 + Level 5.3 Stealth
 + Level 8.3 Spellcasting
 + Level 6.8 Conjurations
 + Level 4.8 Hexes
 + Level 6.5 Summonings
 + Level 7.5 Necromancy
 * Level 7.1 Fire Magic
 * Level 8.0 Air Magic
 * Level 8.7 Poison Magic
 * Level 4.8 Evocations


You couldn't memorise any spells.
You knew the following spells:

 Your Spells              Type           Power      Damage    Failure   Level
a - Starburst             Conj/Fire      14%        6d6       38%         6
b - Magic Dart            Conj           100%       1d8       1%          1
c - Call Imp              Summ           54%        N/A       1%          2
d - Poisonous Vapours     Pois/Air       66%        N/A       1%          2
e - Searing Ray           Conj           56%        2d6       1%          2
f - Mephitic Cloud        Conj/Pois/Air  31%        N/A       1%          3
g - Dazzling Flash        Conj/Hex       50%        N/A       1%          3
h - Plasma Beam           Fire/Air       15%        2x1d29    32%         6
i - Sticky Flame          Conj/Fire      29%        2d5       3%          4

Your spell library contained the following spells:

 Spells                   Type           Power      Damage    Failure   Level
 Fireball                 Conj/Fire      14%        3d8       9%          5
 Kiss of Death            Conj/Necr      100%       2d13      1%          1
 Shock                    Conj/Air       100%       1d9       1%          1
 Cigotuvi's Dreadful Rot  Necr/Pois/Air  64%        N/A       1%          2
 Airstrike                Air            16%        2d(3-19)  1%          4
 Olgreb's Toxic Radiance  Pois           34%        N/A       1%          4
 Swiftness                Air            32%        N/A       2%          3
 Stone Arrow              Conj/Erth      34%        3d9       4%          3
 Sandblast                Erth           12%        2d6       5%          1
 Tukima's Dance           Hex            22%        N/A       8%          3
 Portal Projectile        Hex/Tloc       28%        N/A       22%         3
 Agony                    Necr           30%        N/A       24%         5
 Lesser Beckoning         Tloc           12%        N/A       28%         2
 Passwall                 Tmut/Erth      5%         N/A       28%         2
 Silence                  Hex/Air        13%        N/A       36%         5
 Yara's Violent Unravell  Hex/Tmut       7%         3d5       43%         5
 Animate Armour           Summ/Erth      34%        N/A       45%         4
 Gell's Gravitas          Tloc           6%         N/A       50%         3
 Teleport Other           Tloc           6%         N/A       50%         3
 Iron Shot                Conj/Erth      8%         9d3       83%         6
 Manifold Assault         Tloc           6%         N/A       88%         4
 Passage of Golubria      Tloc           6%         N/A       88%         4
 Blade Hands              Tmut           3%         N/A       99%         5
 Dispersal                Tloc           3%         N/A       100%        6
 Malign Gateway           Summ/Tloc      8%         N/A       100%        7
 Disjunction              Tloc           3%         N/A       100%        8
 Lehudib's Crystal Spear  Conj/Erth      8%         10d4      100%        8


Dungeon Overview and Level Annotations

Branches:
Dungeon (10/15)            Temple (1/1) D:4            Lair (5/5) D:9
  Swamp (2/4) Lair:2       Spider (1/4) Lair:3        Slime (1/5) Lair:4
Ossuary (visited)         Gauntlet (visited)
    Orc: D:9-12

Altars:
Cheibriados
Dithmenos
Fedhas
Gozag
Hepliaklqana
Kikubaaqudgha
Makhleb
Nemelex Xobeh
Okawaru
Qazlal
Ru
Sif Muna
Trog
Uskayaw
Vehumet
Wu Jian
Xom
Yredelemnul
Jiyva

Shops:
D:1 :

Annotations:
D:4 3 runed translucent doors, Drain's ghost, amateur HuBe


Innate Abilities, Weirdness & Mutations

You have very sharp fingernails.
Your demonic aura causes all spilled blood to erupt in flames.
When seriously injured, your blood forms thick armour. (AC +9)
Spells you cast may paralyse adjacent enemies.
You are dopey. (Int -2)
Your flesh is heat resistant. (rF+)
You are robust. (+10% HP)
You occasionally lose the ability to drink potions when taking damage.
You passively dampen the noise of your surroundings.


Message History

The tentacled monstrosity is almost dead.
The iceblast engulfs the will-o-the-wisp!
The will-o-the-wisp partially resists.
The will-o-the-wisp is moderately damaged.
The foxfire hits you. You resist.
* * * LOW HITPOINT WARNING * * *
There is a stone staircase leading down here.
You feel better.
The will-o-the-wisp gestures.
The will-o-the-wisp conjures some foxfire!
The seven-headed hydra closely misses you.
The seven-headed hydra bites you but does no damage.
The seven-headed hydra closely misses you.
The seven-headed hydra misses you.
The seven-headed hydra bites you but does no damage.
The seven-headed hydra completely misses you.
The seven-headed hydra bites you but does no damage.
A foxfire comes into view.
Okay, then.
Aiming: Throw Flame
Press: ? - help, Shift-Dir - straight line, f - tentacled monstrosity, p - seven-headed hydra
Aim: a tentacled monstrosity (almost dead, 91% to hit)
The puff of flame hits the seven-headed hydra.
The seven-headed hydra is moderately wounded.
A foxfire comes into view.
The seven-headed hydra bites you but does no damage.
The seven-headed hydra bites you.
* * * LOW HITPOINT WARNING * * *
The seven-headed hydra closely misses you.
The seven-headed hydra bites you but does no damage. x2
The seven-headed hydra bites you.
* * * LOW HITPOINT WARNING * * *
The seven-headed hydra bites you but does no damage.
You are confused.
You feel invigorated.
The will-o-the-wisp gestures.
The will-o-the-wisp conjures some foxfire!
The seven-headed hydra bites you but does no damage.
The seven-headed hydra bites you!
You die...

♣♣.♣ ♣♣~.♣ ♣~~.♣♣ ♣♣
♣.~..♣♣ ♣.♣♣.~...♣♣
♣.♣.~).♣†.♣♣
♣.♣.~~.♣~~.♣
♣...♣~.♣~..♣♣♣♣♣
♣.~~~~~~.~..♣♣@♣
♣~~.~.~♣.~♣~.♣D♣ ♣.$♣
♣.~..~~♣~~~~§vX♣ .~~
♣♣...~.♣..~§vvv♣ ♣..
♣^~..~♣♣~~§§♣§♣ ♣♣..
♣.~~~.♣♣w~♣~~.♣ ♣~.♣
♣.§...♣♣.~~~~.♣♣♣♣
♣~~♣
♣...~.~....~..~♣~♣♣♣.♣
♣.~.~~~~~...~.~~.....♣


You could see a tentacled monstrosity, a seven-headed hydra and a
will-o-the-wisp.

Vanquished Creatures
  Gastronok (Lair:1)
  Aizul (Swamp:1)
  A minotaur (Gauntlet)
  A shambling mangrove (Swamp:1)
  An entropy weaver (Gauntlet)
  A ghost crab (Gauntlet)
  7 hydras
  6 catoblepae
  An anaconda (Lair:3)
  5 death yaks (Lair:5)
  Erica (Lair:1)
  2 two-headed ogres
  An alligator (Swamp:2)
  A sun demon (D:9)
  2 skysharks
  A goliath frog (Swamp:1)
  An orb spider (Lair:3)
  3 spriggan druids (Swamp:2)
  3 bog bodies (Swamp:2)
  7 swamp dragons
  An oklob plant (Lair:5)
  A wolf spider (Lair:3)
  A manticore (Lair:5)
  A cyclops (D:6)
  7 elephants
  2 will-o-the-wisps (Swamp:2)
  4 black mambas
  A rust devil (D:9)
  15 cane toads
  9 komodo dragons
  2 torpor snails (Lair:5)
  3 rime drakes
  An ice devil (D:8)
  A bloated husk (Swamp:2)
  A polar bear (Lair:3)
  22 blink frogs
  3 tyrant leeches (Swamp:2)
  3 hornets (Swamp:1)
  4 dream sheep (Lair:5)
  A jumping spider (Gauntlet)
  2 slime creatures (Lair:4)
  A shadow (D:6)
  A wraith (D:6)
  A spriggan (Swamp:1)
  45 yaks
  2 wyverns
  A ynoxinul (D:9)
  3 basilisks
  Grum (Lair:1)
  A steam dragon (Lair:3)
  A neqoxec (D:9)
  A redback (Gauntlet)
  3 swamp worms
  3 orc warriors
  A swamp drake (Swamp:2)
  7 water moccasins
  2 ice beasts
  4 sky beasts
  3 ogres
  2 black bears
  45 wolves
  5 centaurs
  A kobold brigand (D:7)
  A phantom (D:8)
  2 necrophages (D:5)
  13 bullfrogs
  3 wyvern zombies (Ossuary)
  A gnoll sergeant (D:9)
  3 scorpions
  2 water moccasin zombies (D:5)
  17 wights
  2 electric eels (D:6)
  3 bullfrog zombies
  2 centaur zombies (Ossuary)
  6 hounds
  3 gnoll boudas
  7 orc priests
  5 jellies
  A scorpion zombie (D:5)
  4 sleepcaps
  2 iguanas (D:6)
  7 orc wizards
  A killer bee zombie (Ossuary)
  A hound zombie (D:5)
  19 mummies
  2 howler monkey zombies (Ossuary)
  19 gnolls
  5 adders
  A shadow imp (D:5)
  A white imp (D:7)
  An ufetubus (D:6)
  2 worms
  2 dart slugs (D:1)
  21 orcs
  4 ball pythons
  4 bats
  10 endoplasms
  5 giant cockroaches
  6 goblins
  2 hobgoblins
  10 jackals
  9 kobolds
  3 quokkas
  5 frilled lizards
  7 rats
  A spectral weapon (Swamp:2)
491 creatures vanquished.

Vanquished Creatures (collateral kills)
  A bog body (Swamp:1)
  A swamp dragon (Swamp:2)
  A manticore (Lair:5)
  A will-o-the-wisp (Swamp:1)
  A neqoxec (D:9)
  A water moccasin (D:7)
  3 wolves (Lair:4)
  A water moccasin zombie (D:5)
  2 wights (D:9)
  A bullfrog zombie (Ossuary)
  A human zombie (D:5)
  4 mummies
  A howler monkey zombie (Ossuary)
  A gnoll (D:6)
  An orc (D:5)
  2 kobolds (D:7)
23 creatures vanquished.

Vanquished Creatures (others)
  An alligator (Swamp:2)
  A bog body (Swamp:1)
  3 bloated husks
  34 foxfires
39 creatures vanquished.

Grand Total: 553 creatures vanquished

Notes
Turn   | Place    | Note
-------+----------+-------------------------------------------
     0 | D:1      | AiryTheDragon the Demonspawn Gladiator began the quest for
                  | the Orb.
     0 | D:1      | Reached XP level 1. HP: 16/16 MP: 1/1
    88 | D:1      | Gained mutation: You have sharp fingernails. [demonic
                  | ancestry]
    88 | D:1      | Reached XP level 2. HP: 22/22 MP: 2/2
   179 | D:1      | Found Oguroshry's Book Boutique.
   237 | D:1      | Found a faded altar of an unknown god.
   245 | D:1      | Prayed at the altar of an unknown god.
   245 | D:1      | Became a worshipper of Vehumet
   245 | D:1      | Reached * piety under Vehumet
   245 | D:1      | Offered knowledge of Kiss of Death by Vehumet.
   248 | D:1      | Learned a level 1 spell: Kiss of Death
   870 | D:2      | Reached XP level 3. HP: 19/19 MP: 3/3
   972 | D:2      | Identified the ring of the Tentacled God {rPois rF+ rCorr}
  1264 | D:1      | Bought a book of Minor Magic for 234 gold pieces
  1266 | D:1      | Learned a level 1 spell: Magic Dart
  1744 | D:3      | Offered knowledge of Poisonous Vapours by Vehumet.
  1773 | D:3      | Reached ** piety under Vehumet
  1987 | D:3      | Reached XP level 4. HP: 30/30 MP: 4/4
  2114 | D:3      | Identified the +8 whip of Gozag's Benevolence {venom,
                  | Will+}
  2136 | D:3      | Learned a level 2 spell: Call Imp
  2651 | D:4      | Noticed an ogre
  2707 | D:4      | Noticed a scorpion
  2717 | D:4      | Killed a scorpion
  2718 | D:4      | Reached skill level 1 in Maces & Flails
  2718 | D:4      | Reached skill level 1 in Armour
  2718 | D:4      | Reached skill level 1 in Spellcasting
  2810 | D:4      | Gained mutation: Your demonic aura sometimes causes spilled
                  | blood to erupt in flames. [demonic ancestry]
  2810 | D:4      | Reached XP level 5. HP: 37/39 MP: 5/7
  2853 | D:4      | Learned a level 2 spell: Poisonous Vapours
  2966 | D:4      | Noticed Drain's ghost (amateur HuBe)
  2999 | D:4      | Reached skill level 1 in Conjurations
  3047 | D:4      | Offered knowledge of Searing Ray by Vehumet.
  3110 | D:4      | Found a runed translucent gate.
  3111 | D:4      | Found a runed translucent gate.
  3118 | D:4      | Found a runed translucent gate.
  3270 | D:4      | Found a staircase to the Ecumenical Temple.
  3288 | D:4      | Found a sacrificial altar of Ru.
  3306 | D:4      | Noticed a black bear
  3315 | D:4      | Killed a black bear
  3316 | D:4      | Gained mutation: When seriously injured, your blood forms
                  | armour. (AC +9) [demonic ancestry]
  3316 | D:4      | Reached XP level 6. HP: 40/46 MP: 2/8
  3517 | D:4      | Reached skill level 1 in Summonings
  3517 | D:4      | Reached skill level 1 in Poison Magic
  3829 | D:4      | Reached *** piety under Vehumet
  3839 | Temple   | Entered the Ecumenical Temple
  4189 | D:5      | Entered Level 5 of the Dungeon
  4224 | D:5      | Gained mutation: When seriously injured, your blood forms
                  | thick armour. (AC +9) [demonic ancestry]
  4224 | D:5      | Reached XP level 7. HP: 51/51 MP: 9/9
  4325 | D:5      | Reached skill level 1 in Air Magic
  4328 | D:5      | Reached skill level 1 in Stealth
  4676 | D:5      | Found a sand-covered staircase.
  4680 | Ossuary  | Entered an ossuary
  4703 | Ossuary  | Learned a level 2 spell: Searing Ray
  4717 | Ossuary  | Offered knowledge of Flame Wave by Vehumet.
  4718 | Ossuary  | Reached skill level 1 in Evocations
  4755 | Ossuary  | Gained mutation: Your demonic aura often causes spilled
                  | blood to erupt in flames. [demonic ancestry]
  4755 | Ossuary  | Reached XP level 8. HP: 44/57 MP: 6/11
  4886 | Ossuary  | Learned a level 3 spell: Mephitic Cloud
  5022 | Ossuary  | Reached **** piety under Vehumet
  5210 | D:5      | Offered knowledge of Dazzling Flash by Vehumet.
  5410 | D:5      | Reached XP level 9. HP: 49/64 MP: 13/13
  5430 | D:5      | Found a basalt altar of Yredelemnul.
  5627 | D:5      | Learned a level 3 spell: Dazzling Flash
  5988 | D:6      | Reached skill level 5 in Maces & Flails
  6097 | D:7      | Upgraded the game from 0.30.0-20-g3b4254fcbd to
                  | 0.30.0-29-ga12c61a403
  6147 | D:7      | Reached skill level 1 in Hexes
  6618 | D:7      | Reached ***** piety under Vehumet
  6682 | D:7      | Offered knowledge of Plasma Beam by Vehumet.
  6684 | D:7      | Reached skill level 1 in Necromancy
  7642 | D:6      | Reached XP level 10. HP: 70/71 MP: 5/15
  7681 | D:6      | Reached skill level 5 in Poison Magic
  7941 | D:6      | Noticed a cyclops
  7958 | D:6      | Killed a cyclops
  8691 | D:6      | Found a hide-covered altar of Uskayaw.
  8978 | D:8      | Noticed a two-headed ogre
  8996 | D:8      | Killed a two-headed ogre
  9223 | D:8      | Found a shadowy altar of Dithmenos.
  9812 | D:8      | Found a blossoming altar of Fedhas.
 10100 | D:9      | Noticed a sun demon
 10255 | D:9      | Noticed a two-headed ogre
 10682 | D:9      | Killed a two-headed ogre
 10808 | D:9      | Gained mutation: You have very sharp fingernails. [demonic
                  | ancestry]
 10808 | D:9      | Reached XP level 11. HP: 63/78 MP: 18/18
 10833 | D:8      | Gained mutation: You have hidden genetic defects. [potion
                  | of mutation]
 10834 | D:8      | Lost mutation: You have hidden genetic defects. [potion of
                  | mutation]
 10834 | D:8      | Gained mutation: You are robust. (+10% HP) [potion of
                  | mutation]
 10834 | D:8      | Gained mutation: You are dopey. (Int -2) [potion of
                  | mutation]
 10834 | D:8      | Gained mutation: Your flesh is heat resistant. (rF+)
                  | [potion of mutation]
 10834 | D:8      | Gained mutation: You passively dampen the noise of your
                  | surroundings. [potion of mutation]
 10868 | D:9      | Gained mutation: You occasionally lose the ability to drink
                  | potions when taking damage. [a neqoxec]
 11074 | D:9      | Killed a sun demon
 11157 | D:9      | Found an ornate altar of the Wu Jian Council.
 11276 | D:9      | Reached skill level 5 in Conjurations
 11300 | D:10     | Entered Level 10 of the Dungeon
 11803 | D:9      | Reached skill level 5 in Spellcasting
 11915 | D:9      | Found a staircase to the Lair.
 12079 | Lair:1   | Entered Level 1 of the Lair of Beasts
 12186 | Lair:1   | Learned a level 6 spell: Plasma Beam
 12416 | Lair:1   | Noticed Gastronok
 12436 | Lair:1   | Killed Gastronok
 12437 | Lair:1   | Reached skill level 1 in Fire Magic
 12625 | Lair:1   | Noticed Grum
 12638 | Lair:1   | Killed Grum
 12640 | Lair:1   | Reached skill level 5 in Necromancy
 12644 | Lair:1   | Noticed Erica
 12651 | Lair:1   | Killed Erica
 12735 | Lair:1   | Reached skill level 5 in Summonings
 13016 | Lair:1   | Identified the +12 quarterstaff of Twilight {drain, rC+++
                  | rCorr Int+4 Stlth-}
 13413 | Lair:2   | Found a staircase to the Swamp.
 13434 | Lair:2   | Offered knowledge of Sticky Flame by Vehumet.
 13449 | Lair:2   | Gained mutation: Your demonic aura causes all spilled blood
                  | to erupt in flames. [demonic ancestry]
 13449 | Lair:2   | Reached XP level 12. HP: 53/92 MP: 2/20
 13879 | Lair:2   | Reached skill level 5 in Air Magic
 14514 | Swamp:1  | Entered Level 1 of the Swamp
 14514 | Swamp:1  | Noticed a shambling mangrove
 14515 | Swamp:1  | Noticed an alligator
 14515 | Swamp:1  | Noticed a tentacled monstrosity
 14915 | Lair:3   | Noticed a six-headed hydra
 14921 | Lair:3   | Killed a six-headed hydra
 15101 | Lair:3   | Noticed an anaconda
 15115 | Lair:3   | Reached skill level 5 in Armour
 15118 | Lair:3   | Killed an anaconda
 15140 | Lair:3   | Reached skill level 5 in Fighting
 15342 | Lair:3   | Noticed an eight-headed hydra
 15349 | Lair:3   | Killed an eight-headed hydra
 15389 | Lair:3   | Identified the +2 glaive of the Dwarven Hall {freeze, rElec
                  | rPois Will+ Dex-3}
 15580 | Lair:3   | Noticed a catoblepas
 15584 | Lair:3   | Killed a catoblepas
 16002 | Lair:3   | Reached XP level 13. HP: 97/100 MP: 20/22
 16315 | Lair:3   | Found a hole to the Spider Nest.
 16957 | Spider:1 | Entered Level 1 of the Spider Nest
 16995 | Lair:4   | Reached skill level 5 in Staves
 17000 | Lair:4   | Learned a level 4 spell: Sticky Flame
 17429 | Lair:4   | Found a viscous altar of Jiyva.
 17429 | Lair:4   | Found a staircase to the Slime Pits.
 17564 | Lair:4   | Offered knowledge of Starburst by Vehumet.
 18298 | Slime:1  | Entered Level 1 of the Pits of Slime
 18298 | Slime:1  | Noticed an acid blob
 18298 | Slime:1  | Noticed an acid blob
 18390 | Lair:5   | Entered Level 5 of the Lair of Beasts
 18407 | Lair:5   | Reached skill level 5 in Fire Magic
 18410 | Lair:5   | Reached skill level 5 in Dodging
 18419 | Lair:5   | Identified the +5 broad axe of the Scorching Gods {flame,
                  | Int+3 Dex+4}
 18507 | Lair:5   | Found a gate leading to a gauntlet.
 18516 | Gauntlet | Entered a Gauntlet
 18516 | Gauntlet | Found a transporter.
 18553 | Gauntlet | Found a runed translucent gate.
 18554 | Gauntlet | Found a transporter.
 18554 | Gauntlet | Found a runed translucent gate.
 18559 | Gauntlet | Found a runed translucent gate.
 18566 | Gauntlet | Found a transporter.
 18570 | Gauntlet | Found a transporter.
 18586 | Gauntlet | Found a transporter.
 18600 | Gauntlet | Found a transporter.
 18608 | Gauntlet | Noticed a green death
 18609 | Gauntlet | Found a large runed translucent door.
 18610 | Gauntlet | Found a large runed translucent door.
 18611 | Gauntlet | Found a large runed translucent door.
 18612 | Gauntlet | Found a runed translucent gate.
 18613 | Gauntlet | Found a transporter.
 18613 | Gauntlet | Found a runed translucent gate.
 18614 | Gauntlet | Found a runed translucent gate.
 18616 | Gauntlet | Found a large runed translucent door.
 18617 | Gauntlet | Found a large runed translucent door.
 18624 | Gauntlet | Found a large runed translucent door.
 18625 | Gauntlet | Found a large runed translucent door.
 18625 | Gauntlet | Found a large runed translucent door.
 18626 | Gauntlet | Found a large runed translucent door.
 18626 | Gauntlet | Found a large runed translucent door.
 18626 | Gauntlet | Found a runed translucent door.
 18626 | Gauntlet | Found a runed translucent door.
 18627 | Gauntlet | Found a large runed translucent door.
 18628 | Gauntlet | Found a large runed translucent door.
 18630 | Gauntlet | Found a transporter.
 18634 | Gauntlet | Found a transporter.
 18634 | Gauntlet | Found the ring of the Octopus King
 18642 | Gauntlet | Found a transporter.
 18664 | Gauntlet | Found a transporter.
 18668 | Gauntlet | Found a transporter.
 18669 | Gauntlet | Found a large runed translucent door.
 18670 | Gauntlet | Found a large runed translucent door.
 18671 | Gauntlet | Found a large runed translucent door.
 18671 | Gauntlet | Found a large runed translucent door.
 18794 | Gauntlet | Identified the ring "Xocoil" {Contam rElec rF+ rC+}
 18958 | Gauntlet | Noticed a minotaur
 18962 | Gauntlet | Killed a minotaur
 19057 | Gauntlet | Got the Elucidation of Orthodoxy
 19089 | Gauntlet | Got the Teachings on Dislocation
 19607 | Lair:5   | Gained mutation: Spells you cast may paralyse adjacent
                  | enemies. [demonic ancestry]
 19607 | Lair:5   | Reached XP level 14. HP: 107/107 MP: 25/25
 21667 | Swamp:2  | Learned a level 6 spell: Starburst
 22171 | Swamp:2  | Reached skill level 5 in Stealth
 22387 | Swamp:2  | Offered knowledge of Fireball by Vehumet.
 22563 | Swamp:1  | Noticed Aizul
 22587 | Swamp:1  | Killed Aizul
 22590 | Swamp:1  | HP: 5/110 [poisoned by Aizul (poison arrow)]
 22967 | Swamp:1  | HP: 2/110 [seven-headed hydra (10)]
 22974 | Swamp:1  | HP: 2/110 [seven-headed hydra (5)]
 22975 | Swamp:1  | Slain by a seven-headed hydra

Illustrated notes

Levels and vault maps discovered:
D:1:      wander_arrival_desolate, layout_loops_ring, serial_shops,
          nicolae_book_shop_shelving, ebering_ecumenical_altar_petrified
D:2:      layout_loops_ring, hangedman_abyss_or_decor_stabs,
          minmay_gold_behind_fungi, kennysheep_generic_room_5
D:3:      layout_basic
D:4:      layout_layer_cave, nicolae_ru_path_of_blood,
          minmay_temple_entry_glassed_door, gammafunk_ghost_split
D:5:      layout_loops_ring, zin_academy, lemuel_mausoleum_altar_yredelemnul,
          nicolae_ossuary_entry_plus
D:6:      kennysheep_big_flooded_room, layout_layer_cave,
          mainiacjoe_overflow_alcove_2, minmay_between
D:7:      layout_basic
D:8:      layout_gridville, amcnicky_altar_gilded, grunt_dithmenos_shadows,
          hangedman_decor_opposing, kennysheep_potato
D:9:      layout_small_grid, lemuel_round_altar, david_lair_shrubbed,
          serial_demonic, serial_demonic_b, serial_demonic_d, serial_demonic_f,
          serial_demonic_e
D:10:     minmay_distorted_concentric_squares, layout_irregular_city,
          marbit_many_paths
Temple:   compressed_dpeg_circular_temple
Lair:1:   layout_regular_city, uniq_erica, uniq_gastronok, uniq_grum
Lair:2:   layout_cave_pods, swamp_mist_pool
Lair:3:   nzn_winding_woodlands_large [nzn_winding_woodlands_5x5_three,
          nzn_winding_woodlands_5x15_pathside_ponds,
          nzn_winding_woodlands_hourglass, nzn_winding_woodlands_center_garden,
          nzn_winding_woodlands_15x15_eel_pit,
          nzn_winding_woodlands_center_triple_pond,
          nzn_winding_woodlands_5x5_closed_star,
          nzn_winding_woodlands_5x15_jagged,
          nzn_winding_woodlands_5x5_open_star], layout_layer_cave,
          nicolae_spider_entry_orb_guardian, serial_bayou_shore_b
Lair:4:   layout_cave_pods, minmay_slime_entry_pillars,
          grunt_forest_large_clearings, grunt_megastairs_5
Lair:5:   evilmike_catoblepas_cave, layout_cave_pods, gauntlet_entry_generic,
          serial_bayou_shore_a
Swamp:1:  layout_falls_marsh, evilmike_swamp_ruin_house_6, uniq_aizul
Swamp:2:  layout_falls_marsh, hangedman_swamp_ruin_wall, st_swamp_ruins_2
Spider:1: layout_spider_delve, nicolae_spider_some_kinda_spiderbox, uniq_louise
Slime:1:  layout_caves, nicolae_slime_getting_an_eyeful

Skill      XL: |  1  2  3  4  5  6  7  8  9 10 11 12 13 14 |
---------------+-------------------------------------------+-----
Throwing       | 2 3 |  3.0
Dodging        | 3 4 5 |  5.1
Staves         | 3 4 6 7 |  7.0
Maces & Flails | 1 2 3 4 5 6 |  6.4
Armour         | 1 2 3 4 5 6 |  6.9
Spellcasting   | 1 2 3 4 5 6 7 8 |  8.3
Conjurations   | 1 2 4 5 6 |  6.8
Summonings     | 1 2 3 4 5 6 |  6.5
Poison Magic   | 1 2 3 4 6 8 |  8.7
Air Magic      | 1 2 3 4 6 7 8 |  8.0
Stealth        | 1 2 3 4 5 |  5.3
Evocations     | 2 3 4 |  4.8
Fighting       | 3 4 5 6 |  6.2
Hexes          | 2 3 4 |  4.8
Necromancy     | 2 4 5 7 |  7.5
Fire Magic     | 2 4 5 7 |  7.1

Action                     |  1- 3 |  4- 6 |  7- 9 | 10-12 | 13-15 || total
---------------------------+-------+-------+-------+-------+-------++-------
  Melee: Quarterstaff      |   102 |       |       |   116 |   406 ||   624
         Flail             |    29 |    12 |       |       |       ||    41
         Whip              |       |    85 |   357 |   244 |       ||   686
         Punch             |       |       |     6 |     8 |       ||    14
  Throw: Dart              |     3 |       |     2 |    21 |    18 ||    44
         Javelin           |     3 |       |       |       |     1 ||     4
         Boomerang         |       |       |       |     3 |     1 ||     4
   Cast: Kiss of Death     |     2 |     1 |       |       |       ||     3
         Magic Dart        |    16 |     7 |     9 |     2 |     3 ||    37
         Call Imp          |       |     2 |    26 |    78 |    64 ||   170
         Poisonous Vapours |       |     6 |     3 |     6 |     4 ||    19
         Searing Ray       |       |       |    22 |    34 |    15 ||    71
         Mephitic Cloud    |       |       |     9 |    62 |    95 ||   166
         Dazzling Flash    |       |       |       |     5 |     6 ||    11
         Plasma Beam       |       |       |       |       |     5 ||     5
         Sticky Flame      |       |       |       |       |    11 ||    11
         Starburst         |       |       |       |       |     1 ||     1
  Evoke: Wand              |       |       |     3 |     8 |     8 ||    19
         Phantom mirror    |       |       |       |       |     2 ||     2
    Use: Scroll            |       |     3 |     7 |    10 |    15 ||    35
         Potion            |       |       |     4 |     6 |    10 ||    20
   Stab: Sleeping          |     1 |     1 |     1 |       |       ||     3
         Distracted        |       |       |     4 |     5 |       ||     9
         Confused          |       |       |     8 |    13 |    25 ||    46
         Invisible         |       |       |       |     2 |       ||     2
         Paralysed         |       |       |       |       |    12 ||    12
         Petrified         |       |       |       |       |     3 ||     3
 Armour: Leather armour    |    53 |    23 |     2 |       |       ||    78
         Skin              |       |       |    18 |       |       ||    18
         Ring mail         |       |       |    84 |   164 |    46 ||   294
         Scale mail        |       |       |       |       |   142 ||   142
         Swamp dragon scal |       |       |       |       |    78 ||    78
  Dodge: Dodged            |    82 |    64 |   162 |   290 |   282 ||   880
